 Dungeon Crawl Stone Soup version 0.20.1-1-g8b1a95d (webtiles) character file.

2480 Savaroth the Cleaver (level 9, -1/81 HPs)
             Began as a Minotaur Berserker on Aug 6, 2017.
             Was an Elder of Trog.
             Slain by a wight
             ... wielding a cursed +1 war axe
              (4 damage)
             ... on level 7 of the Dungeon.
             The game lasted 00:14:40 (6404 turns).

Savaroth the Cleaver (Minotaur Berserker)           Turns: 6404, Time: 00:14:42

Health: -1/81      AC:  8    Str: 29    XL:     9   Next: 27%
Magic:  8/8        EV: 13    Int:  4    God:    Trog [****..]
Gold:   316        SH:  0    Dex: 10    Spells: 8/8 levels left

rFire    . . .     SeeInvis .   a - +0 hand axe
rCold    . . .     Gourm    .   (no shield)
rNeg     . . .     Faith    .   p - +0 scale mail
rPois    .         Spirit   .   (helmet restricted)
rElec    .         Reflect  .   (no cloak)
rCorr    .         Harm     .   (no gloves)
MR       .....                  (no boots)
Stlth    ..........             (no amulet)
Regen    0.3/turn               j - +4 ring of strength
MPRegen  0.2/turn               (no ring)

@: lethally poisoned (-1 -> -2), berserk cooldown, slowed, drained, very slow
A: retaliatory headbutt, horns 2
a: Berserk, Trog's Hand, Brothers in Arms, Burn Spellbooks, Renounce Religion


You were on level 7 of the Dungeon.
You worshipped Trog.
Trog was greatly pleased with you.
You were near starving.

You visited 1 branch of the dungeon, and saw 7 of its levels.

You collected 316 gold pieces.

Inventory:

Hand Weapons
 a - a +0 hand axe (weapon)
Armour
 p - a +0 scale mail (worn)
Jewellery
 j - a +4 ring of strength (left hand)
 v - a cursed ring of flight {unknown}
 y - a +6 ring of protection {unknown}
Wands
 o - a wand of polymorph (16/24)
Scrolls
 f - 8 scrolls of identify {unknown}
 h - 3 scrolls of magic mapping {unknown}
 i - 2 scrolls of blinking {unknown}
 k - a scroll of random uselessness {unknown}
 m - a scroll of immolation {unknown}
 n - 2 scrolls of enchant armour {unknown}
 r - 4 scrolls of remove curse {unknown}
 t - 2 scrolls of teleportation {unknown}
 w - a scroll of noise {unknown}
 A - a scroll of torment {unknown}
 C - a scroll of fear {unknown}
 D - a scroll of fog {unknown}
Potions
 d - a potion of resistance {unknown}
 e - 3 potions of curing {unknown}
 l - 5 potions of brilliance {unknown}
 q - 3 potions of heal wounds {unknown}
 s - a potion of might {unknown}
 u - a potion of haste {unknown}
 x - a potion of lignification {unknown}
 z - 2 potions of mutation {unknown}
 B - a potion of agility {unknown}
Comestibles
 b - 2 royal jellies
 c - 3 bread rations
 g - 4 meat rations


   Skills:
 + Level 7.9(7.6) Fighting
 + Level 8.5(8.2) Axes
 + Level 8.1(7.8) Armour
 + Level 7.2(6.9) Dodging


You had 8 spell levels left.
You didn't know any spells.

Dungeon Overview and Level Annotations

Branches:
Dungeon (7/15)             Temple (0/1) D:6

Altars:
Ashenzari
Gozag
Kikubaaqudgha
Nemelex Xobeh
Okawaru
Qazlal
Ru
Zin

Shops:
D:7 (


Innate Abilities, Weirdness & Mutations

You reflexively headbutt those who attack you in melee.
You have a pair of horns on your head.


Message History

You are no longer berserk.
You are exhausted.
You feel yourself slow down.
You hit the wight but do no damage.
You feel sick. The wight closely misses you.
A wight comes into view. It is wielding a short sword.
You closely miss the wight. You headbutt the wight.
The wight is lightly damaged.
The wight hits you with an enchanted war axe.
* * * LOW HITPOINT WARNING * * *
You feel drained.
* * * LOW HITPOINT WARNING * * *
You slash the wight!
The wight is severely damaged.
You feel sick. The wight misses you.
Unknown command.
You hit the wight but do no damage.
The wight is severely damaged.
The wight hits you with an enchanted war axe.
You die...

#.# #........# #....†
#.# ##........# ######
#.# ...............#
...............#
........#.....######
........#..........#
........#.##.<......#
........#)##........#
#.#
........#@##........# #
#.#
........#z##.###....# #
#.#
........<....###.#### #
#.# ........z.........#
#
#.##..######......#####
# #.....######......#
###.....##..........#
.##.....##..........#
.#......##....#######


You could see 2 wights.

Vanquished Creatures
  A water moccasin (D:7)
  2 orc warriors
  2 ice beasts
  An ogre (D:7)
  3 centaurs
  A bullfrog (D:6)
  3 scorpions (D:6)
  5 wights
  2 howler monkeys
  3 bullfrog zombies
  A centaur zombie (D:5)
  2 gnoll shamans
  2 jellies
  4 orc wizards
  4 orc priests
  A centaur skeleton (D:6)
  2 hounds
  Jessica (D:3)
  2 iguanas
  Natasha (twice) (D:3)
  4 worker ants
  2 hound zombies
  A mummy (D:7)
  Robin (D:2)
  9 adders
  12 gnolls
  A shadow imp (D:6)
  An ooze (D:6)
  2 dart slugs (D:3)
  2 worms
  4 leopard geckos
  10 orcs
  11 giant cockroaches
  20 goblins
  7 hobgoblins
  9 jackals
  10 kobolds
  11 quokkas
  A ball python (D:2)
  9 bats
  5 frilled lizards
  A quokka skeleton (D:7)
  9 rats
  A plant (D:4)
187 creatures vanquished.

Vanquished Creatures (others)
  A plant (D:4)
1 creature vanquished.

Grand Total: 188 creatures vanquished

Notes
Turn   | Place    | Note
-------+----------+-------------------------------------------
     0 | D:1      | Savaroth the Minotaur Berserker began the quest for the Orb.
     0 | D:1      | Reached XP level 1. HP: 19/19 MP: 0/0
   121 | D:1      | Reached XP level 2. HP: 17/27 MP: 1/1
   611 | D:2      | Reached XP level 3. HP: 26/33 MP: 2/2
   618 | D:2      | Reached ** piety under Trog
   669 | D:2      | Noticed Robin
   686 | D:2      | Killed Robin
   686 | D:2      | Reached XP level 4. HP: 22/40 MP: 3/3
  1136 | D:2      | Found an opulent altar of Gozag.
  1137 | D:2      | Found a sparkling altar of Nemelex Xobeh.
  1716 | D:3      | Reached *** piety under Trog
  1816 | D:3      | Reached XP level 5. HP: 47/47 MP: 4/4
  1901 | D:3      | Noticed Natasha
  1907 | D:3      | Killed Natasha
  2119 | D:3      | Noticed Natasha
  2124 | D:3      | Killed Natasha
  2149 | D:3      | Reached skill level 5 in Axes
  2177 | D:3      | Noticed Jessica
  2206 | D:3      | Killed Jessica
  2591 | D:4      | Found a shattered altar of Ashenzari.
  2664 | D:4      | Found an ancient bone altar of Kikubaaqudgha.
  2679 | D:4      | Reached XP level 6. HP: 49/53 MP: 5/5
  3048 | D:4      | Reached skill level 5 in Fighting
  3221 | D:4      | Found a stormy altar of Qazlal.
  3302 | D:4      | Reached skill level 5 in Armour
  3305 | D:4      | Reached **** piety under Trog
  3961 | D:5      | Entered Level 5 of the Dungeon
  4135 | D:5      | Reached XP level 7. HP: 40/61 MP: 6/6
  4483 | D:5      | Found an iron altar of Okawaru.
  4494 | D:5      | Reached skill level 5 in Dodging
  4516 | D:5      | Found a sacrificial altar of Ru.
  4997 | D:6      | Reached XP level 8. HP: 64/70 MP: 7/7
  5802 | D:6      | Found a staircase to the Ecumenical Temple.
  6021 | D:6      | Found a glowing silver altar of Zin.
  6064 | D:6      | Reached XP level 9. HP: 67/79 MP: 8/8
  6364 | D:7      | Found Cicirus's Antique Weapon Shoppe.
  6402 | D:7      | HP: 4/81 [wight/enchanted war axe (3)]
  6404 | D:7      | Slain by a wight

Skill      XL: |  1  2  3  4  5  6  7  8  9 |
---------------+----------------------------+-----
Axes           | 4 5 6 8 |  8.5
Armour         | 3 4 5 6 7 8 |  8.1
Fighting       | 4 5 6 7 |  7.9
Dodging        | 3 4 5 6 7 |  7.2

Action                   |  1- 3 |  4- 6 |  7- 9 || total
-------------------------+-------+-------+-------++-------
Melee: Hand axe          |    81 |   178 |   213 ||   472
       Headbutt          |    10 |    44 |    55 ||   109
Invok: Berserk           |     1 |     2 |     3 ||     6
  Eat: Chunk             |       |    13 |     8 ||    21
Armor: Animal skin       |    14 |       |       ||    14
       Ring mail         |    15 |     5 |       ||    20
       Scale mail        |       |    65 |    49 ||   114
Dodge: Dodged            |    67 |   111 |   108 ||   286
